Map: Apotheosis LE

Players

Kuroyukihime - Winner!

  • Race: Terran Terran
  • League: Diamond

Jacksonnel

  • Race: Terran Terran
  • League: Diamond

VOD

Have the link to the VOD?

Description

Time

  • Played on: Aug. 30, 2016, 7:47 a.m.
  • Length: 20:35
Show
View Real Time Build Order
Export as new Build Order

Kuroyukihime Terran - Winner!

Build Orders:  

Get SALT Encoding   

  12  0:01  SCV  
  13  0:13  SCV  
  14  0:18  Supply Depot  
  14  0:25  SCV  
  15  0:39  SCV  
  15  0:40  Barracks  
  16  0:46  Refinery  
  16  0:51  SCV  
  17  1:03  SCV  
  18  1:15  SCV  
  19  1:27  Orbital Command  
  19  1:28  Marine  
  20  1:46  Marine  
  21  1:55  SCV  
  22  2:04  Marine  
  22  2:07  Supply Depot  
  23  2:09  Command Center  
  23  2:19  Factory  
  23  2:29  SCV, Barracks Reactor  
  24  2:41  SCV  
  24  2:53  SCV  
  24  2:55  Supply Depot  
  25  3:05  SCV, Starport  
  25  3:09  Marine  
  25  3:10  Marine  
  27  3:14  Hellion  
  27  3:17  SCV  
  27  3:18  Refinery  
  29  3:27  Marine x2  
  29  3:30  SCV  
  32  3:39  Hellion  
  34  3:42  SCV  
  35  3:51  Orbital Command  
  35  3:54  SCV  
  36  4:01  Orbital Command  
  36  4:05  Marine x2  
  36  4:07  Factory Tech Lab, Viking  
  40  4:12  SCV  
  41  4:23  Marine x2  
  43  4:24  SCV  
  43  4:26  SCV  
  45  4:32  Siege Tank  
  45  4:36  SCV  
  49  4:38  SCV  
  49  4:42  Supply Depot  
  49  4:44  Viking  
  52  4:48  SCV  
  52  4:50  SCV  
  54  5:03  Marine x2  
  54  5:04  SCV x2  
  58  5:08  Supply Depot  
  58  5:15  Viking  
  58  5:16  SCV  
  62  5:21  SCV  
  62  5:29  SCV  
  62  5:34  Command Center  
  63  5:42  Factory Tech Lab  
  63  5:44  Engineering Bay, Barracks x2  
  63  5:45  Engineering Bay  
  63  5:47  Stimpack  
  63  5:54  Refinery  
  63  5:56  Refinery, Starport Reactor  
  63  5:58  Supply Depot  
  64  6:04  SCV  
  64  6:06  Marine  
  65  6:16  SCV x2  
  67  6:19  Supply Depot, Terran Infantry Armor Level 1, Terran Infantry Weapons Level 1  
  67  6:22  Supply Depot  
  67  6:24  Marine  
  68  6:28  SCV x2  
  70  6:39  Barracks Reactor  
  70  6:40  SCV x2  
  70  6:44  Barracks  
  72  6:48  Supply Depot  
  72  6:49  Barracks  
  72  6:51  Supply Depot  
  72  6:52  Marine, Orbital Command  
  72  6:53  Marine x2  
  75  6:54  Siege Tank  
  75  6:56  Medivac  
  78  7:06  Supply Depot  
  78  7:10  Marine  
  78  7:11  Marine  
  80  7:19  Marine x2  
  80  7:21  Orbital Command  
  82  7:29  Marauder  
  84  7:31  Barracks  
  84  7:32  Barracks, Factory, Siege Tank  
  84  7:33  Barracks Tech Lab  
  84  7:35  Barracks Tech Lab  
  87  7:39  SCV x2  
  89  7:47  Marine, Medivac  
  89  7:48  Medivac  
  89  7:51  SCV  
  95  7:55  SCV x2  
  95  7:57  Refinery  
  97  7:58  Refinery  
  97  8:03  SCV  
  98  8:07  SCV  
  98  8:08  Marine x2  
  98  8:09  Armory, Marine x2, Marauder x3  
  109  8:16  SCV x2  
  109  8:18  Factory Tech Lab  
  109  8:19  SCV  
  112  8:22  Barracks Tech Lab, Barracks Reactor  
  112  8:28  SCV x2  
  112  8:31  Sensor Tower  
  114  8:40  Marine x2  
  114  8:41  Marine x2, Marauder x3  
  126  8:43  Siege Tank  
  126  8:48  Supply Depot  
  127  8:50  Supply Depot  
  127  9:00  Supply Depot, Marine x4  
  127  9:01  Supply Depot  
  127  9:02  Marine  
  132  9:03  Supply Depot  
  132  9:09  Medivac x2  
  136  9:10  Siege Tank  
  136  9:14  Supply Depot  
  128  9:31  Marine x3  
  128  9:32  Marine x3, Marauder x4  
  126  9:49  Marine x4  
  107  9:53  Marauder x3  
  107  9:54  Marauder  
  107  9:55  Marine  
  103  10:09  Marine x2  
  103  10:10  Siege Tank  
  99  10:15  Marine x3, Marauder x3  
  99  10:16  Marauder  
  107  10:28  Terran Infantry Weapons Level 2, Terran Infantry Armor Level 2  
  107  10:44  Marine x2  
  107  10:45  Marine x2, Command Center, Marauder x2  
  107  10:46  Marine  
  116  10:50  Medivac  
  118  11:05  Medivac  
  118  11:06  Marine x2, Marauder  
  118  11:07  Marauder x3  
  130  11:18  Marine x2  
  132  11:19  Siege Tank  
  132  11:20  Medivac  
  132  11:22  Siege Tank  
  132  11:24  Marine x2  
  142  11:28  Marauder x2  
  146  11:33  Marine  
  146  11:34  Marine, Marauder x2  
  146  11:35  Medivac  
  154  11:43  Starport  
  154  11:44  Marine x3, Starport  
  154  11:45  Marine  
  158  11:49  Marine, Medivac  
  161  11:56  Terran Vehicle Weapons Level 1  
  161  11:58  Marine x2, Marauder  
  161  11:59  Marauder  
  167  12:02  Orbital Command  
  147  12:25  Marine x2  
  147  12:26  Marine x4, Marauder x4  
  135  12:32  Starport Reactor  
  135  12:33  Starport Tech Lab  
  124  12:40  Medivac x2  
  124  12:43  Marine x2  
  123  12:47  Terran Infantry Weapons Level 3, Missile Turret, Marauder  
  123  12:48  Missile Turret  
  125  12:54  Terran Infantry Armor Level 3  
  125  12:56  Marine  
  125  12:57  Marauder  
  128  13:10  Marine x4, Marauder x2  
  128  13:11  Marauder  
  138  13:20  Marine x2  
  138  13:21  Marauder  
  142  13:27  Marine  
  142  13:28  Marine  
  142  13:31  Medivac x2  
  142  13:32  Marauder, Viking  
  151  13:34  Viking  
  153  13:42  Refinery  
  153  13:43  Refinery  
  153  13:45  Marine x3  
  153  13:46  Marine, Marauder  
  159  13:59  Marine  
  159  14:00  Marine, Marauder x3  
  167  14:03  Marine, Siege Tank  
  127  14:28  Marine x2  
  127  14:29  Marine x6, Marauder  
  103  14:36  Viking  
  103  14:37  Medivac, Viking  
  103  14:38  Medivac  
  105  14:40  Marine  
  106  14:46  Marine  
  106  14:47  Marauder  
  106  14:48  Marauder  
  106  14:51  Banshee  
  114  14:57  Command Center  
  114  15:05  Terran Vehicle Weapons Level 2  
  114  15:07  Marine  
  114  15:08  Marine x3, Marauder x2  
  114  15:12  Marine  
  114  15:13  Marauder  
  125  15:15  Marine  
  125  15:16  Marine  
  126  15:25  Marine x2  
  126  15:27  Medivac  
  124  15:29  Marauder  
  124  15:30  Marauder  
  126  15:40  Marine x4  
  126  15:41  Marauder x2  
  133  15:44  Viking  
  135  15:51  Marauder  
  109  16:11  Marine x3  
  109  16:12  Marine x3, Marauder x4  
  109  16:16  Viking  
  118  16:19  Viking x2  
  118  16:25  Orbital Command  
  120  16:28  Missile Turret  
  120  16:29  Marine x3  
  120  16:31  Marine x2  
  125  16:38  Cloaking Field  
  125  16:41  Barracks, Medivac  
  127  16:51  Marine  
  127  16:52  Marine x3, Marauder x2  
  135  16:56  SCV x2  
  137  17:02  Missile Turret  
  137  17:05  Missile Turret  
  137  17:09  Marine, Marauder  
  137  17:10  Missile Turret  
  140  17:17  SCV x2  
  140  17:19  Viking  
  140  17:20  Medivac  
  140  17:22  Marine  
  147  17:26  Marine, Marauder  
  147  17:27  Marine  
  151  17:36  Marine x2, Marauder x2  
  155  17:39  Marine  
  155  17:40  Marauder  
  155  17:42  Medivac  
  160  17:50  Marine x2, Marauder  
  162  17:51  Marine  
  162  17:53  Marine  
  162  17:58  Marauder  
  164  18:10  Marine x2  
  164  18:11  Marine, Marauder x2  
  164  18:12  Marine, Marauder  
  175  18:17  Marine  
  175  18:25  Missile Turret  
  175  18:30  Marine x3  
  175  18:32  Marauder  
  180  18:41  Command Center  
  151  18:53  Marine x3  
  151  18:54  Marauder x2  
  147  19:01  Marine  
  147  19:02  Marine x3  
  129  19:11  Marine x3  
  129  19:15  Marauder x2  
  130  19:17  Missile Turret  
  122  19:24  Widow Mine  
  122  19:25  Medivac x2  
  122  19:28  Marine x4  
  132  19:36  Marauder  
  132  19:37  Marauder  
  136  19:45  Marine x3  
  138  19:46  Medivac  
  138  19:47  Viking x2  
  145  19:55  Barracks Tech Lab, Barracks Reactor  
  145  19:56  Barracks Reactor  
  145  19:58  Marine, Marauder x2  
  150  20:04  Orbital Command, Missile Turret  
  150  20:09  Marine x2  
  152  20:14  Marine  
Show
View Real Time Build Order
Export as new Build Order

Jacksonnel Terran 

Build Orders: Mech 

Get SALT Encoding   

  12  0:00  SCV  
  13  0:13  SCV  
  14  0:17  Supply Depot  
  14  0:25  SCV  
  15  0:34  Refinery  
  15  0:39  SCV  
  16  0:45  Barracks  
  16  0:51  SCV  
  17  1:06  SCV  
  17  1:11  Refinery  
  18  1:18  SCV  
  19  1:30  SCV  
  20  1:33  Reaper  
  21  1:45  Orbital Command  
  21  1:49  Engineering Bay  
  21  2:05  Reaper  
  22  2:09  Factory  
  22  2:11  SCV  
  23  2:25  Supply Depot  
  23  2:46  SCV  
  24  2:54  Command Center, Barracks Reactor  
  24  2:56  Starport  
  24  3:01  Factory Tech Lab  
  24  3:03  SCV  
  25  3:31  SCV  
  25  3:33  Medivac  
  28  3:35  Siege Tank  
  28  3:37  Armory  
  28  3:39  Engineering Bay  
  31  3:44  SCV  
  31  4:06  SCV  
  31  4:07  Orbital Command  
  31  4:18  SCV  
  31  4:19  Medivac  
  34  4:30  Thor, SCV  
  41  4:40  Marine x2  
  41  4:42  SCV  
  41  4:43  SCV  
  41  4:45  Bunker  
  44  5:01  SCV x2  
  46  5:26  Supply Depot  
  46  5:31  Command Center  
  46  5:32  Supply Depot  
  46  5:44  Factory  
  46  5:46  Refinery  
  46  5:47  Thor, SCV x2, Factory, Refinery  
  54  5:51  Supply Depot  
  54  5:52  Missile Turret  
  54  5:59  SCV x2  
  56  6:11  SCV x2  
  58  6:23  SCV  
  58  6:24  SCV  
  52  6:32  Factory Tech Lab x2, Thor  
  58  6:36  SCV x2  
  61  6:48  SCV x2  
  61  6:51  Starport  
  62  7:03  Refinery, SCV x2  
  62  7:04  Refinery, Thor  
  62  7:05  Siege Tank  
  73  7:12  SCV  
  73  7:15  SCV  
  73  7:21  SCV  
  74  7:23  Siege Tank  
  74  7:25  Viking  
  74  7:27  Viking  
  81  7:33  SCV  
  81  7:35  Orbital Command  
  81  7:36  SCV  
  83  7:49  Supply Depot x2  
  83  7:50  Supply Depot  
  83  7:51  Supply Depot, SCV x2  
  84  7:55  Sensor Tower  
  85  7:59  Missile Turret  
  85  8:07  Supply Depot, Starport Tech Lab  
  85  8:10  SCV x2, Viking x2, Siege Tank  
  94  8:13  Terran Vehicle And Ship Armor Level 1  
  94  8:17  Armory  
  94  8:23  SCV  
  94  8:25  Hellion  
  94  8:26  SCV  
  98  8:27  Raven  
  98  8:31  SCV  
  101  8:36  Missile Turret  
  101  8:42  SCV x2  
  101  8:43  SCV  
  101  8:48  Thor, Widow Mine, Siege Tank  
  115  9:02  Command Center  
  115  9:03  SCV  
  115  9:04  Missile Turret  
  115  9:08  Missile Turret  
  116  9:11  Raven  
  118  9:17  SCV x2  
  114  9:39  Liberator x2  
  112  9:50  SCV  
  93  9:54  Siege Tank x3  
  100  10:17  Viking  
  102  10:29  Terran Ship Weapons Level 1  
  102  10:31  Refinery, Fusion Core  
  102  10:35  Refinery  
  102  10:37  SCV  
  102  10:39  Viking, Starport  
  102  10:41  Refinery  
  102  10:42  Hellion x2  
  109  10:43  Refinery  
  109  10:52  SCV  
  109  10:56  Planetary Fortress  
  110  11:00  Widow Mine  
  110  11:01  Banshee  
  115  11:05  SCV x3  
  115  11:06  Starport  
  115  11:09  Terran Vehicle And Ship Armor Level 2  
  118  11:17  SCV x2  
  120  11:20  Missile Turret  
  120  11:21  Missile Turret  
  120  11:22  Missile Turret  
  120  11:23  SCV  
  120  11:25  Missile Turret  
  121  11:27  Missile Turret x2  
  121  11:28  Missile Turret  
  121  11:29  SCV, Missile Turret  
  121  11:30  Missile Turret  
  121  11:31  Missile Turret  
  121  11:32  Missile Turret, Starport Tech Lab  
  122  11:33  Missile Turret  
  122  11:35  Viking x2  
  126  11:52  Missile Turret  
  126  11:53  Command Center  
  126  11:58  SCV  
  126  12:00  Sensor Tower  
  127  12:05  Widow Mine x3  
  114  12:29  Banshee x2  
  69  12:40  Siege Tank x3  
  78  12:53  Starport Tech Lab  
  78  12:55  SCV x2  
  80  13:00  Command Center  
  80  13:12  Siege Tank  
  83  13:20  Cloaking Field, Banshee x2  
  83  13:23  Hyperflight Rotors  
  89  13:42  Banshee  
  92  14:07  SCV x2  
  92  14:08  Widow Mine x2  
  96  14:25  SCV  
  74  14:40  SCV  
  75  14:58  SCV  
  76  15:01  Siege Tank x3  
  85  15:12  Banshee x2  
  89  15:46  Command Center  
  72  16:09  Banshee x3  
  62  16:19  Hellion  
  64  16:30  Siege Tank  
  64  16:31  SCV  
  64  16:32  Liberator x2  
  68  16:50  Siege Tank x2  
  80  17:11  Siege Tank  
  83  17:16  SCV  
  83  17:20  SCV  
  85  17:28  Siege Tank x2  
  91  17:30  Raven x3  
  95  17:48  Missile Turret  
  95  18:04  Viking x2  
  99  18:13  Raven x2  
  99  18:14  Siege Tank x2  
  107  18:23  SCV x2  
  107  18:24  SCV  
  107  18:26  Hellion  
  76  18:53  Hellion  
  76  18:54  Banshee  
  72  18:56  Banshee  
  75  19:04  SCV x2  
  75  19:10  Banshee  
  75  19:12  Factory Tech Lab  
  78  19:29  Starport Tech Lab  
  78  19:30  SCV x2  
  80  19:32  SCV x2  
  82  19:42  SCV  
  83  19:51  SCV  
  84  20:03  SCV  
Tags
 
Composition
Mech
Matchup
TvT
Race
Terran
Add a new tag
Caveats
  • Supply blocks, unpowered buildings, or Contaminate may cause inaccurate times.
  • Supply counts are checked every 10 seconds.